 Dungeon Crawl Stone Soup version 0.21.1-1-g345015f (webtiles) character file.

158 Ilphrin the Grave Robber (level 5, -1/35 HPs)
             Began as a Demonspawn Necromancer on May 3, 2018.
             Slain by an adder (2 damage)
             ... in a sewer.
             The game lasted 00:22:24 (4188 turns).

Ilphrin the Grave Robber (Demonspawn Necromancer)   Turns: 4188, Time: 00:22:25

Health: -1/35      AC:  3    Str:  8    XL:     5   Next: 16%
Magic:  1/9        EV: 12    Int: 18    God:
Gold:   129        SH:  0    Dex: 15    Spells: 4/10 levels left

rFire    . . .     SeeInvis .   i - +0 whip
rCold    . . .     Gourm    +   (no shield)
rNeg     . . .     Faith    .   a - +1 robe
rPois    .         Spirit   .   (no helmet)
rElec    .         Reflect  .   (no cloak)
rCorr    .         Harm     .   (no gloves)
MR       .....                  (no boots)
Stlth    ++........             e - amulet of the gourmand
HPRegen  0.11/turn              (no ring)
MPRegen  0.11/turn              (no ring)

@: lethally poisoned (-1 -> -6), about to teleport, very slow
A: thin skeletal structure 1, nightstalker 1, rot immunity
a: no special abilities


You were in a sewer.
You were not hungry.

You visited 1 branch of the dungeon, and saw 3 of its levels.
You also visited: Sewer.

You collected 129 gold pieces.

Inventory:

Hand Weapons
 i - a +0 whip (weapon)
Armour
 a - a +1 robe (worn)
Jewellery
 e - an amulet of the gourmand (around neck)
Scrolls
 f - 4 scrolls of remove curse
 h - 3 scrolls of identify
Potions
 d - a potion of haste
Books
 b - a book of Necromancy

   Spells                             Type                      Level
   a - Pain                           Necromancy                   1
   b - Animate Skeleton               Necromancy                   1
   c - Vampiric Draining              Necromancy                   3
   d - Regeneration                   Charms/Necromancy            3
   e - Animate Dead                   Necromancy                   4
   f - Borgnjor's Vile Clutch         Necromancy/Earth             5
Comestibles
 c - 10 rations


   Skills:
 + Level 2.0 Dodging
 - Level 1.7 Stealth
 + Level 3.2 Spellcasting
 * Level 6.3 Necromancy


You had 4 spell levels left.
You knew the following spells:

 Your Spells              Type           Power        Failure   Level  Hunger
a - Pain                  Necr           ####         1%          1    None
b - Animate Skeleton      Necr           N/A          1%          1    None
c - Animate Dead          Necr           N/A          12%         4    ####...


Dungeon Overview and Level Annotations

Branches:
Dungeon (3/15)

Altars:
Okawaru


Innate Abilities, Weirdness & Mutations

You have a somewhat thin skeletal structure. (Dex +2, Stealth)
You are slightly more attuned to the shadows.
You are immune to rotting.


Message History

Aim: an adder (moderately wounded, chance to defeat MR: 89%)
The adder writhes in agony!
The adder bites you.
* * * LOW HITPOINT WARNING * * *
You enter the shallow water.
Moving in this stuff is going to be slow.
The adder bites you but does no damage. x2
You feel sick. The adder bites you.
* * * LOW HITPOINT WARNING * * *
The adder bites you.
* * * LOW HITPOINT WARNING * * *
You are more poisoned.
The adder poisons you!
You are lethally poisoned (2 -> -4).
Your wading speed is very slow.
Your attack speed is below average.
Okay, then.
As you read the scroll of teleportation, it crumbles to dust.
You feel strangely unstable.
* * * LOW HITPOINT WARNING * * *
You feel sick. The adder bites you.
You die...

#.# ≈≈ #.# ≈≈ #.#
≈≈ #.# ≈≈ #.# ≈≈
#.# ≈≈ #≈# ≈≈ #S#
≈≈ #@# ≈≈ #≈# ≈≈
#≈# ≈≈≈ #≈#
≈≈≈≈≈≈≈≈≈
#≈########≈≈≈≈≈≈≈≈
#≈≈≈≈.≈≈≈≈≈≈≈≈≈≈..
#≈≈≈≈≈≈≈≈≈≈≈≈≈≈≈≈≈
#.≈≈≈≈≈≈≈≈≈≈≈≈≈≈≈≈
#.≈≈≈≈≈≈≈≈≈≈≈≈≈≈≈≈


You could see an adder.

Vanquished Creatures
  An iguana (D:2)
  5 adders
  3 worms (D:3)
  3 dart slugs (D:1)
  3 leopard geckos
  5 giant cockroaches (Sewer)
  4 goblins
  8 hobgoblins
  3 jackals
  3 quokkas
  2 ball pythons
  9 bats
  9 frilled lizards
  3 kobolds
  4 rats
65 creatures vanquished.

Vanquished Creatures (collateral kills)
  A leopard gecko (Sewer)
  2 hobgoblins (D:3)
  A jackal (D:2)
  A ball python (Sewer)
  3 frilled lizards (Sewer)
  A rat (D:2)
9 creatures vanquished.

Grand Total: 74 creatures vanquished

Notes
Turn   | Place    | Note
-------+----------+-------------------------------------------
     0 | D:1      | Ilphrin the Demonspawn Necromancer began the quest for the Orb.
     0 | D:1      | Reached XP level 1. HP: 13/13 MP: 3/3
    14 | D:1      | Learned a level 1 spell: Animate Skeleton
   407 | D:1      | Gained mutation: You are immune to rotting. [demonic ancestry]
   407 | D:1      | Reached XP level 2. HP: 18/19 MP: 0/5
  1299 | D:2      | Reached skill level 5 in Necromancy
  1566 | D:2      | Reached XP level 3. HP: 20/24 MP: 0/6
  1912 | D:2      | Gained mutation: You are slightly more attuned to the shadows. [demonic ancestry]
  1912 | D:2      | Reached XP level 4. HP: 29/30 MP: 5/8
  2108 | D:2      | Learned a level 4 spell: Animate Dead
  2323 | D:2      | Found an iron altar of Okawaru.
  3140 | D:3      | Found a faded altar of an unknown god.
  3205 | D:3      | Reached skill level 6 in Necromancy
  3434 | D:3      | Found a glowing drain.
  3461 | D:3      | Gained mutation: You have a somewhat thin skeletal structure. (Dex +2, Stealth) [demonic ancestry]
  3461 | D:3      | Reached XP level 5. HP: 26/35 MP: 0/9
  3550 | Sewer    | Entered a sewer
  4188 | Sewer    | HP: 1/35 [poisoned by an adder]
  4188 | Sewer    | Slain by an adder

Skill      XL: |  1  2  3  4 |
---------------+-------------+-----
Dodging        | 2 |  2.0
Necromancy     | 5 6 |  6.3
Spellcasting   | 3 |  3.2
Stealth        | |  1.7

Action                   |  1- 3 |  4- 6 || total
-------------------------+-------+-------++-------
Melee: Unarmed           |    12 |     7 ||    19
       Whip              |       |    17 ||    17
 Cast: Pain              |    56 |    88 ||   144
       Animate Skeleton  |     7 |     1 ||     8
       Animate Dead      |       |    21 ||    21
  Use: Scroll            |     6 |     3 ||     9
       Potion            |     4 |     1 ||     5
  Eat: Ration            |     1 |       ||     1
       Chunk             |     8 |     7 ||    15
Armor: Robe              |     2 |    10 ||    12
Dodge: Dodged            |    17 |    18 ||    35
